[Event "Early-Titled-Tuesday-Blitz-June-18-2024"]
[Site "Chess.com"]
[Date "2024.06.18"]
[Round "1"]
[White "Angry_Twin"]
[Black "CristianS27"]
[Result "1-0"]
[WhiteElo "2912"]
[BlackElo "2505"]
[TimeControl "180+1"]
[EndTime "8:06:49 PDT"]
[Termination "Angry_Twin won on time"]

1. e4 e5 2. Nf3 Nc6 3. Bc4 Nf6 4. d3 Bc5 5. c3 d6 6. O-O a6 7. a4 Ba7 8. Re1 h6 9. Nbd2 Nh5 10. Nf1 Qf6 11.
Be3 Nf4 12. Ng3 h5 13. d4 h4 14. Nf5 h3 15. Bxf4 exf4 16. Bd3 Bxf5 17. exf5+ Kd7 18. Qd2 hxg2 19. Qxf4 Rae8 20. Qg5 Qh6 21. Qxh6 Rxh6 22. Rxe8 Kxe8 23. Kxg2 Ne7 24. Be4 d5 25. Bd3 c5 26. Re1 Kd7 27. Ne5+ Ke8 28. Ng4 Rh4 29. Kg3 Rh8 30. dxc5 Bxc5 31. f6 gxf6 32. Nxf6+ Kd8 33. f4 Kc7 34. Re2 Rh6 35. Ng4 Rh8 36. Ne5 Rh7 37. Bxh7 1-0

[Event "Early-Titled-Tuesday-Blitz-June-18-2024"]
[Site "Chess.com"]
[Date "2024.06.18"]
[Round "1"]
[White "Timerkhanov"]
[Black "rachidhuilda"]
[Result "1/2-1/2"]
[WhiteElo "2702"]
[BlackElo "2404"]
[TimeControl "180+1"]
[EndTime "8:06:49 PDT"]
[Termination "Game drawn by repetition"]

1. d4 d5 2. Nf3 Nf6 3. g3 c6 4. Bg2 Bf5 5. O-O e6 6. c4 Nbd7 7. Nc3 h6 8. Qb3 Qb6 9. Bf4 Be7 10. c5 Qxb3 11. axb3 a6 12. b4 Rc8 13. Nd2 O-O 14.
Nb3 Bd8 15. Na5 Bxa5 16. bxa5 Rfe8 17. Bd6 e5 18. e3 exd4 19. exd4 Ne4 20. Nxe4 Bxe4 21.
Rfe1 Bxg2 22. Kxg2 f6 23. g4 Kf7 24. f4 Rxe1 25. Rxe1 Re8 26. Rxe8 Kxe8 27. f5 Kf7 28. Kf3 Ke8 29. Kf4 Kf7 30. h4 Ke8 31. g5 hxg5+ 32. hxg5 fxg5+ 33. Kxg5 Kf7 34. Be5 Nf8 35. Bg3 Nh7+ 36.
Kf4 Ke7 37. Ke5 Kd7 38. Bh4 Nf8 39. b3 Nh7 40. Kf4 Ke8 41. Ke5 Kd7 42. b4 Nf8 43. Bg3 Nh7 44. Bh2 Nf6 45. Kf4 Ne4 46. Bg1 Nc3 47. Ke5 Ne4 48. Be3 Ke7 49. Bf4 Kf7 50. Bc1 Ke7 51. Kf4 Nc3 52. Kg5 Kf7 53. Be3 Ne4+ 54.
Kf4 Ke7 55. Ke5 Kf7 56. Bf4 Ke7 57. Be3 Kf7 58. Kf4 Ke7 59. Ke5 1/2-1/2

[Event "Early-Titled-Tuesday-Blitz-June-18-2024"]
[Site "Chess.com"]
[Date "2024.06.18"]
[Round "1"]
[White "Navyblue1"]
[Black "Predatoru"]
[Result "0-1"]
[WhiteElo "2166"]
[BlackElo "2574"]
[TimeControl "180+1"]
[EndTime "8:06:49 PDT"]
[Termination "Predatoru won on time"]

1. d4 d5 2. c4 e6 3. Nc3 c6 4. cxd5 exd5 5. Nf3 Nf6 6. Bg5 Be7 7. e3 Bf5 8. Bd3 Bxd3 9. Qxd3 O-O 10. O-O Nbd7 11.
a3 Re8 12. Nd2 a5 13. Rab1 Ne4 14. Bxe7 Qxe7 15. Rfe1 Nd6 16. f3 Rad8 17. e4 dxe4 18.
fxe4 Qg5 19. Nf3 Qg6 20. Rbd1 c5 21. d5 Ne5 22. Nxe5 Rxe5 23. Qe3 b6 24. Rd2 Rde8 25. Rde2 f5 26. Qf4 fxe4 27. h3 Rf5 28. Qh4 Rfe5 29.
Qf4 b5 30. Rf2 b4 31. Ref1 h6 32. Ne2 Rxd5 33. Qc1 e3 34. Rf3 Rd2 35. Nf4 Qe4 36. Re1 Nf5 0-1

[Event "Early-Titled-Tuesday-Blitz-June-18-2024"]
[Site "Chess.com"]
[Date "2024.06.18"]
[Round "1"]
[White "TimurDushatov"]
[Black "CrushingKings"]
[Result "1-0"]
[WhiteElo "2370"]
[BlackElo "2644"]
[TimeControl "180+1"]
[EndTime "8:06:50 PDT"]
[Termination "TimurDushatov won by resignation"]

1. e4 g6 2. d4 Bg7 3. Nf3 c6 4. Be2 d5 5. e5 f6 6. Bf4 Bg4 7. Nbd2 Nd7 8. exf6 Ngxf6 9. Ne5 Bxe2 10. Qxe2 O-O 11.
O-O Nh5 12. Bg5 Nxe5 13. dxe5 Qd7 14. c4 Nf4 15. Bxf4 Rxf4 16. g3 Rd4 17. f4 dxc4 18.
Nxc4 Rd8 19. Ne3 Rd2 20. Qc4+ Kh8 21. Rad1 b5 22. Qe4 Qe6 23. b3 a5 24. Rxd2 Rxd2 25. Rf2 Qd7 26. Kf1 Rd4 27. Qc2 Rd3 28. Ke2 Qd4 29. Qxd3 1-0

[Event "Early-Titled-Tuesday-Blitz-June-18-2024"]
[Site "Chess.com"]
[Date "2024.06.18"]
[Round "1"]
[White "Kors67"]
[Black "YurasovMat-2012"]
[Result "0-1"]
[WhiteElo "2286"]
[BlackElo "2625"]
[TimeControl "180+1"]
[EndTime "8:06:50 PDT"]
[Termination "YurasovMat-2012 won by resignation"]

1. e4 e5 2. Nf3 Nf6 3. Nxe5 d6 4.
Nf3 Nxe4 5. d3 Nf6 6. d4 d5 7. Bd3 Bd6 8. O-O O-O 9. Bg5 h6 10. Bh4 c6 11. Nbd2 Re8 12. c3 Nbd7 13. Qc2 Nf8 14.
Rfe1 Ne6 15. Ne5 Nf4 16. Bh7+ Kf8 17. Bf5 g5 18. Bg3 N6h5 19. Bxc8 Qxc8 20. Qh7 Bxe5 21.
dxe5 Qe6 22. Bxf4 Nxf4 23. Nf3 Qg6 24. Qxg6 fxg6 25. Rad1 g4 26. Nd4 Re7 27. f3 gxf3 28. Nxf3 Rae8 29. g3 Ne6 30. Nh4 Kg7 31. Rf1 Nf8 32.
Nf3 Nd7 33. c4 dxc4 34. Rfe1 Nc5 35. Rd4 Nd3 36. Re2 Nxe5 37. Rxe5 Rxe5 38. Nxe5 Rxe5 39. Rd7+ Kf6 40. Rxb7 Re2 41. Rc7 Ke5 42. Rxc6 Kd5 43. Rxg6 Rxb2 44. Rxh6 c3 45. Rh8 Rb1+ 46. Kg2 c2 47.
Rd8+ Ke6 48. Rc8 c1=Q 49. Rxc1 Rxc1 0-1

[Event "Early-Titled-Tuesday-Blitz-June-18-2024"]
[Site "Chess.com"]
[Date "2024.06.18"]
[Round "1"]
[White "pavelalexandru07"]
[Black "blitzking1729"]
[Result "0-1"]
[WhiteElo "2471"]
[BlackElo "2826"]
[TimeControl "180+1"]
[EndTime "8:06:51 PDT"]
[Termination "blitzking1729 won by checkmate"]

1. e4 d6 2. d4 Nf6 3. Nc3 e5 4. dxe5 dxe5 5. Qxd8+ Kxd8 6. Bc4 Be6 7. Bxe6 fxe6 8. a3 Nc6 9. Nge2 Bd6 10. f3 a6 11.
Be3 Ke7 12. O-O-O b5 13. Kb1 Rhb8 14. Nc1 a5 15. a4 bxa4 16. Nxa4 Rb4 17. b3 Rab8 18.
Ka1 Nd4 19. Rd2 Nd7 20. Rhd1 Nc5 21. Nxc5 Bxc5 22. Nd3 R4b5 23. Nxc5 Rxc5 24. Kb2 Rxc2+ 25. Rxc2 Rxb3+ 26. Kc1 Rxe3 27. Rxc7+ Kf6 28. Rb7 Ra3 29. Kb2 Re3 30. Rd2 a4 31. Ra7 Rb3+ 32. Ka2 Rb4 33. Rf2 Nb5 34. Ra8 Nc3+ 35. Ka3 Rb3# 0-1

[Event "Early-Titled-Tuesday-Blitz-June-18-2024"]
[Site "Chess.com"]
[Date "2024.06.18"]
[Round "1"]
[White "Giantgoogachess"]
[Black "CSB7"]
[Result "0-1"]
[WhiteElo "2415"]
[BlackElo "2738"]
[TimeControl "180+1"]
[EndTime "8:06:51 PDT"]
[Termination "CSB7 won by resignation"]

1. Nf3 d5 2. g3 Nd7 3. d4 Nb6 4. Bg2 Bf5 5. O-O e6 6. a4 a5 7.
Nh4 Be4 8. f3 Bg6 9. Nxg6 hxg6 10. Nc3 Nf6 11. e4 c5 12. Nb5 cxd4 13. e5 Nfd7 14. f4 Bc5 15. Nxd4 Nc8 16. Be3 Ne7 17. c3 Qb6 18. Qd2 g5 19. Kh1 gxf4 20. gxf4 g6 21. b4 axb4 22. cxb4 Qxb4 23. Qd3 Bxd4 24. Bxd4 Nf5 25. Bg1 Nc5 26. Bxc5 Qxc5 27. Rfc1 Qb4 28. Qb5+ Qxb5 29. axb5 Rxa1 30. Rxa1 Kd7 31. Rc1 Ng3+ 0-1

[Event "Early-Titled-Tuesday-Blitz-June-18-2024"]
[Site "Chess.com"]
[Date "2024.06.18"]
[Round "1"]
[White "GMT4114"]
[Black "malakismayil"]
[Result "0-1"]
[WhiteElo "1944"]
[BlackElo "2559"]
[TimeControl "180+1"]
[EndTime "8:06:51 PDT"]
[Termination "malakismayil won on time"]

1. e4 e5 2. Bc4 Nc6 3. Nc3 Nf6 4. d3 Bc5 5. f4 d6 6. Nf3 Ng4 7. Ng5 O-O 8. f5 Nf6 9. Nd5 h6 10. h4 a6 11. a4 Ba7 12. g4 Bd7 13. Nxf6+ Qxf6 14. Nxf7 Rxf7 15. g5 Qe7 16. g6 Be8 17. gxf7+ Bxf7 18. Bxf7+ Qxf7 19. Qg4 Kh8 20. Qg3 d5 21.
Be3 d4 22. Bd2 Bc5 23. Rg1 Bd6 24. Qg6 Qxg6 25. Rxg6 Ne7 26. Rg4 Ng8 27. O-O-O Nf6 28. Rg6 Rf8 29. Rdg1 Nh5 30. Bxh6 Rf7 31. Bd2 Be7 32.
Bg5 Bf8 33. Bd2 Kh7 34. R6g5 Nf6 35. h5 b5 36. axb5 axb5 37. Rh1 Ng8 38. b3 Be7 39. Rg3 c5 40. Kb2 Bf6 41. Rg6 Nh6 42. Ra1 Ng8 43. Ra5 Rb7 0-1

[Event "Early-Titled-Tuesday-Blitz-June-18-2024"]
[Site "Chess.com"]
[Date "2024.06.18"]
[Round "1"]
[White "Eagle_2019"]
[Black "AustinThomas12345"]
[Result "1-0"]
[WhiteElo "2852"]
[BlackElo "2484"]
[TimeControl "180+1"]
[EndTime "8:06:52 PDT"]
[Termination "Eagle_2019 won by resignation"]

1. d4 Nf6 2. Bf4 g6 3. e3 Bg7 4. Nf3 O-O 5. h3 d5 6. Nbd2 c5 7. c3 Nc6 8. Be2 Nd7 9. O-O e5 10. dxe5 Ndxe5 11. Nxe5 Nxe5 12. Nf3 Nxf3+ 13. Bxf3 Be6 14.
Qb3 Qb6 15. Rfd1 Qxb3 16. axb3 Rfd8 17. Bc7 Rdc8 18. Bd6 Rc6 19. Bf4 Rb6 20. Ra3 d4 21. exd4 cxd4 22. c4 a5 23. Bc7 Rba6 24. Bxb7 R6a7 25. Bxa8 Rxa8 26. Bxa5 d3 27. Bb4 Rd8 28. Be7 Re8 29. Rxd3 Bxb2 30. Ra7 Kg7 31. Bc5 Bf5 32.
Bd4+ Kg8 33. Rd2 Bc1 34. Rd1 Bf4 35. c5 Bc2 36. Rda1 Bxb3 37. Ra8 Bb8 38. Be5 Rxe5 39.
Rxb8+ Kg7 40. Rxb3 Rxc5 41. g4 h5 42. gxh5 Rxh5 43.
Rf3 Rg5+ 44. Kh2 Rf5 45. Rxf5 gxf5 46. Ra6 1-0

[Event "Early-Titled-Tuesday-Blitz-June-18-2024"]
[Site "Chess.com"]
[Date "2024.06.18"]
[Round "1"]
[White "pineapplehhh"]
[Black "PedroGil25"]
[Result "0-1"]
[WhiteElo "2097"]
[BlackElo "2567"]
[TimeControl "180+1"]
[EndTime "8:06:53 PDT"]
[Termination "PedroGil25 won by resignation"]

1. e4 c5 2. Nf3 e6 3. d4 cxd4 4. Nxd4 a6 5. Bd3 Bc5 6. Nb3 Ba7 7. Nc3 d6 8. Bd2 Nf6 9. Qe2 Nbd7 10. O-O-O Qc7 11.
f4 b5 12. Rhe1 Bb7 13. e5 dxe5 14. fxe5 Nd5 15. Ne4 Qxe5 16. Qf3 O-O 17. Ng5 Qf6 18. Qh3 h6 19. Nh7 Qe7 20. Nxf8 Nxf8 21. Qg3 Qf6 22. Rf1 Qe7 23. Bxh6 g6 24. Bg5 Qxg5+ 25. Qxg5 Be3+ 26. Qxe3 Nxe3 27. Nc5 Bd5 28. Rf2 Nxd1 29. Kxd1 Ra7 30. a3 Nd7 31. Nxd7 Rxd7 32. Kd2 Kf8 33. Kc3 Ke7 34.
b4 Kd6 35. g3 f5 36. Rf4 g5 37. Rf1 Rh7 38. Rf2 g4 39. Rd2 Ke5 40. Kb2 Rc7 41.
Re2+ Kf6 42. Rf2 Bc4 43. Bxc4 Rxc4 44. Re2 e5 45. Kb3 e4 46. a4 Ke5 47. axb5 axb5 48.
Re1 Rc7 49. Ra1 e3 50. c3 Ke4 51. Rf1 e2 52. Re1 Ke3 53. Kc2 Kf2 54. Kd2 Rd7+ 55.
Kc2 Kxe1 0-1

[Event "Early-Titled-Tuesday-Blitz-June-18-2024"]
[Site "Chess.com"]
[Date "2024.06.18"]
[Round "1"]
[White "ElCoachRene"]
[Black "tusplingher"]
[Result "0-1"]
[WhiteElo "2073"]
[BlackElo "2565"]
[TimeControl "180+1"]
[EndTime "8:06:54 PDT"]
[Termination "tusplingher won on time"]

1. Nf3 Nf6 2. d4 e6 3. Bf4 c5 4.
e3 d5 5. c3 Nc6 6. Nbd2 cxd4 7. exd4 Nh5 8. Bg3 f5 9. Ne5 Nxg3 10. Nxc6 bxc6 11. hxg3 Rb8 12. b4 a5 13. a3 Bd6 14.
Qh5+ g6 15. Qh6 Qf6 16. Nf3 Bf8 17. Qg5 Qxg5 18. Nxg5 h6 19. f4 Bg7 20. Nf3 Kf7 21. Bd3 Bd7 22. Kd2 Bf6 23. Rab1 g5 24. Ne5+ Bxe5 25. dxe5 axb4 26. axb4 Rbg8 27. Rh2 gxf4 28. gxf4 Rg4 29. Ke3 Rhg8 30. Rg1 Rg3+ 31. Kd2 R8g4 32. Rxh6 Rxf4 33. Rh7+ Rg7 0-1

[Event "Early-Titled-Tuesday-Blitz-June-18-2024"]
[Site "Chess.com"]
[Date "2024.06.18"]
[Round "1"]
[White "chessfatbear"]
[Black "AttilaTurzo"]
[Result "1-0"]
[WhiteElo "2761"]
[BlackElo "2426"]
[TimeControl "180+1"]
[EndTime "8:06:56 PDT"]
[Termination "chessfatbear won on time"]

1. e4 e5 2. Nf3 Nc6 3. Bb5 a6 4. Ba4 Nf6 5. O-O Be7 6. Re1 b5 7. Bb3 O-O 8. d3 d6 9. c3 Nb8 10. Nbd2 Nbd7 11. Nf1 Bb7 12. Ng3 Nc5 13. Bc2 Re8 14.
d4 Ncd7 15. a4 g6 16. h4 h5 17. Bb3 Nh7 18. axb5 axb5 19. Rxa8 Bxa8 20. Qd3 c6 21. Be3 Qc7 22. Ra1 Bb7 23. Qd2 Ra8 24. Rd1 Ndf8 25.
Ng5 Nxg5 26. Bxg5 Re8 27. Bxe7 Qxe7 28. dxe5 dxe5 29. Qh6 Qxh4 30. Rd7 Nxd7 31. Qxg6+ Kh8 32. Bxf7 Qf6 33. Qxh5+ Kg7 34. Bxe8 1-0

[Event "Early-Titled-Tuesday-Blitz-June-18-2024"]
[Site "Chess.com"]
[Date "2024.06.18"]
[Round "1"]
[White "tetrix83"]
[Black "Josetricks"]
[Result "1-0"]
[WhiteElo "2687"]
[BlackElo "2374"]
[TimeControl "180+1"]
[EndTime "8:06:56 PDT"]
[Termination "tetrix83 won by checkmate"]

1. e4 g6 2. d4 Bg7 3. Nf3 c6 4. Bd3 d5 5. Nbd2 dxe4 6. Nxe4 Nf6 7. Nxf6+ exf6 8. O-O O-O 9. c3 a5 10. Re1 Na6 11. Bf4 Nc7 12. Nd2 Nd5 13. Bg3 f5 14.
Qf3 b5 15. Be5 f6 16. Bg3 a4 17. a3 Bh6 18. Rad1 f4 19. Bh4 g5 20. Qh5 Kg7 21. Nf3 gxh4 22. Nxh4 Ra7 23. Bf5 Ba6 24. Be6 Bg5 25.
Nf5+ Kh8 26. h4 Bc8 27. hxg5 Bxe6 28. Rxe6 fxg5 29. Nd6 Re7 30. Rde1 Rxe6 31. Rxe6 Qd7 32. Qh6 Rd8 33. Ne4 Ne7 34. Nxg5 Ng6 35. Rxg6 Rf8 36. Qxf8# 1-0

[Event "Early-Titled-Tuesday-Blitz-June-18-2024"]
[Site "Chess.com"]
[Date "2024.06.18"]
[Round "1"]
[White "unbreakablepawn35"]
[Black "GeorgiosSouleidis"]
[Result "1/2-1/2"]
[WhiteElo "2398"]
[BlackElo "2696"]
[TimeControl "180+1"]
[EndTime "8:06:57 PDT"]
[Termination "Game drawn by repetition"]

1. c4 e5 2. Nc3 Nf6 3. Nf3 e4 4. Ng5 c6 5. Ngxe4 Nxe4 6. Nxe4 d5 7. cxd5 cxd5 8. Nc3 d4 9. Nb1 Nc6 10. e3 d3 11. Qb3 Nb4 12. Na3 Be6 13. Qa4+ Bd7 14. Qb3 Be6 15. Qa4+ Qd7 16. Qxd7+ Kxd7 17. b3 Be7 18.
Bb2 Rhc8 19. Bc3 a5 20. Kd1 Nxa2 21. Nc4 Nxc3+ 22. dxc3 Bxc4 23. bxc4 Rxc4 24. Bxd3 Rxc3 25. Ke2 Bb4 26. Rhb1 Rac8 27. Bf5+ Kd8 28. Bxc8 Rc2+ 29. Kd1 Rxc8 30. Ke2 Rc2+ 31. Kf3 Ke7 32. Rc1 Rxc1 33. Rxc1 Kd6 34. Ke4 b5 35. Kd3 a4 36. Rb1 Kc5 37. Rc1+ Kb6 38. Kc2 Bd6 39. Rd1 Kc5 40. Rd4 b4 41.
Rh4 h6 42. Rh5+ Kc4 43. Rh4+ Kb5 44. Rh5+ Kc4 45. Rh4+ Kb5 46. Rh5+ Kc4 1/2-1/2

[Event "Early-Titled-Tuesday-Blitz-June-18-2024"]
[Site "Chess.com"]
[Date "2024.06.18"]
[Round "1"]
[White "cochess777"]
[Black "yaguigor"]
[Result "0-1"]
[WhiteElo "2312"]
[BlackElo "2644"]
[TimeControl "180+1"]
[EndTime "8:06:58 PDT"]
[Termination "yaguigor won by resignation"]

1. e4 c5 2. d4 cxd4 3. c3 Nf6 4.
e5 Nd5 5. Nf3 Nc6 6. Bc4 e6 7.
cxd4 d6 8. a3 Be7 9. O-O O-O 10.
Re1 b6 11. Bd3 Bb7 12. Qe2 Rc8 13. Bd2 Na5 14. Qe4 g6 15. exd6 Qxd6 16. Bxa5 bxa5 17. Nbd2 Bf6 18. Rac1 Qf4 19. g3 Qxe4 20. Nxe4 Be7 21.
Ne5 Rfd8 22. Nc4 Ba6 23. Bf1 Bxc4 24. Bxc4 Nb6 25. Ba6 Rxc1 26. Rxc1 Rxd4 27. f3 h5 28. h4 Kf8 29. Rc8+ 0-1

[Event "Early-Titled-Tuesday-Blitz-June-18-2024"]
[Site "Chess.com"]
[Date "2024.06.18"]
[Round "1"]
[White "Sofia_Blokhin"]
[Black "ArtemDyachuk"]
[Result "0-1"]
[WhiteElo "2299"]
[BlackElo "2629"]
[TimeControl "180+1"]
[EndTime "8:06:58 PDT"]
[Termination "ArtemDyachuk won on time"]

1. d4 d5 2. c4 e6 3. Nc3 Nf6 4. Nf3 Be7 5. e3 O-O 6. cxd5 exd5 7. Bd3 c6 8. O-O Bg4 9. Qc2 Nbd7 10. Ne5 Bh5 11.
f4 c5 12. h3 c4 13. Bf5 Bg6 14. g4 Bb4 15. g5 Nxe5 16. dxe5 Nh5 17. Bxg6 hxg6 18.
Ne2 Qd7 19. Kh2 Bc5 20. Bd2 d4 21. exd4 Bxd4 22. Nxd4 Qxd4 23. Bc3 Qe3 24. Rae1 Qg3+ 25. Kh1 Qxh3+ 26. Kg1 Nxf4 27. Rxf4 Qg3+ 28. Qg2 Qxf4 29. e6 fxe6 30. Rxe6 Qc1+ 31. Re1 Qf4 32. Re7 Rf7 33. Rxb7 Rd8 34. Rxf7 Rd1+ 0-1

[Event "Early-Titled-Tuesday-Blitz-June-18-2024"]
[Site "Chess.com"]
[Date "2024.06.18"]
[Round "1"]
[White "JoliyRoger"]
[Black "bangchess21"]
[Result "0-1"]
[WhiteElo "2431"]
[BlackElo "2770"]
[TimeControl "180+1"]
[EndTime "8:06:59 PDT"]
[Termination "bangchess21 won on time"]

1. d4 Nf6 2. c4 e5 3. dxe5 Ng4 4.
Nf3 Nc6 5. Nc3 Ngxe5 6. e3 Bb4 7.
Bd2 O-O 8. Be2 d6 9. a3 Bxc3 10. Bxc3 Qe7 11. O-O Nxf3+ 12. Bxf3 Ne5 13. Be2 Bd7 14.
Qd4 f6 15. Rae1 c5 16. Qd2 Be6 17. b3 b5 18. f4 Nd7 19. Rd1 bxc4 20. Qxd6 Rfe8 21.
Bf3 Rab8 22. bxc4 Nb6 23. Qxe7 Rxe7 24. Rb1 Bxc4 25. Rfd1 Rxe3 26. Be1 Rxa3 27. Bf2 Bd3 28. Rb2 c4 29. Bc5 Ra5 30. Bd4 Kf7 31. g3 Ra3 32.
Rb4 Bc2 33. Rc1 Rb3 0-1

[Event "Early-Titled-Tuesday-Blitz-June-18-2024"]
[Site "Chess.com"]
[Date "2024.06.18"]
[Round "1"]
[White "FARIZA2018"]
[Black "campochess"]
[Result "1-0"]
[WhiteElo "2599"]
[BlackElo "2231"]
[TimeControl "180+1"]
[EndTime "8:07:01 PDT"]
[Termination "FARIZA2018 won by resignation"]

1. e4 c5 2. Nf3 Nc6 3. d4 cxd4 4. Nxd4 e5 5. Nb5 a6 6. Nd6+ Bxd6 7. Qxd6 Qe7 8. Qd1 Nf6 9. Bd3 d5 10. exd5 Nxd5 11.
O-O Be6 12. Re1 O-O-O 13. Qe2 Ndb4 14. Be4 Bd5 15. c3 Bxe4 16. Qxe4 Nd3 17. Rf1 Nxc1 18. Rxc1 g6 19. Na3 f5 20. Qe2 e4 21. Nc4 Ne5 22.
Nxe5 Qxe5 23. Rd1 Qc7 24. h3 Rxd1+ 25. Rxd1 Rd8 26. Rd2 Rxd2 27. Qxd2 Qc4 28. b3 Qc6 29.
Qd4 Qd7 30. Qh8+ Kc7 31. Qe5+ Kc6 32. g3 Qd6 33. Qe8+ Kb6 34. Kg2 Qc6 35. Qd8+ Ka7 36. Qd4+ Kb8 37. Kf1 Kc7 38. c4 Qd6 39. Qg7+ Qd7 40.
Qxd7+ Kxd7 41. Ke2 g5 42. Ke3 Ke6 43. Kd4 h5 44. b4 f4 45. gxf4 g4 46. h4 Kf5 47.
Ke3 b6 48. c5 bxc5 49. bxc5 a5 50. a4 Ke6 51. Kxe4 Kf6 52. f5 Ke7 53. c6 Kd6 54. f6 1-0

[Event "Early-Titled-Tuesday-Blitz-June-18-2024"]
[Site "Chess.com"]
[Date "2024.06.18"]
[Round "1"]
[White "Bkmzzzzz"]
[Black "carokannlover213"]
[Result "0-1"]
[WhiteElo "2375"]
[BlackElo "2689"]
[TimeControl "180+1"]
[EndTime "8:07:02 PDT"]
[Termination "carokannlover213 won by resignation"]

1. e4 e5 2. Nf3 Nc6 3. Nc3 Nf6 4.
d4 Bb4 5. d5 Ne7 6. Nxe5 Nxe4 7. Qg4 Nxc3 8. Qxg7 Rf8 9. a3 Nf5 10. Qxh7 Qf6 11. Ng4 Qe7+ 12. Ne3 Nxe3 13. Bxe3 Ba5 14. Qd3 Nxd5+ 15. b4 Nxe3 16. fxe3 Bb6 17. e4 d5 18. O-O-O Be6 19. exd5 O-O-O 20. c4 Qg5+ 21. Kb2 Bf5 22. Qd2 Qxd2+ 23. Rxd2 Be3 24. Re2 Bd4+ 25. Kb3 b5 26. cxb5 Rxd5 27. Rd2 Rd6 28. Bc4 Kd7 29. Rhd1 Be5 30.
Rxd6+ Bxd6 31. h3 Be6 32. a4 Rg8 33. Rd2 Rg3+ 34. Kb2 Bxc4 0-1

[Event "Early-Titled-Tuesday-Blitz-June-18-2024"]
[Site "Chess.com"]
[Date "2024.06.18"]
[Round "1"]
[White "Zhani-Z"]
[Black "viktorskliarov"]
[Result "0-1"]
[WhiteElo "2320"]
[BlackElo "2649"]
[TimeControl "180+1"]
[EndTime "8:07:02 PDT"]
[Termination "viktorskliarov won by resignation"]

1. e4 c5 2. Nf3 Nc6 3. Bb5 e6 4. O-O Nge7 5. b3 a6 6. Bxc6 Nxc6 7. Bb2 d6 8. d4 cxd4 9. Nxd4 Nxd4 10. Qxd4 e5 11. Qd3 Be7 12. c4 O-O 13. Nc3 Be6 14. a4 Qb6 15. Qc2 f5 16. a5 Qc6 17. Rfd1 fxe4 18.
Qxe4 Bf5 19. Qe2 Rae8 20. Nd5 Bh4 21. g3 Bd8 22. Ba3 Kh8 23. Bb4 Qd7 24. f3 e4 25.
f4 Bg4 26. Qe3 Bf3 27. Rf1 Qh3 28. Rxf3 exf3 29. Qxf3 Bf6 30. Rd1 Re6 31. Qg2 Qg4 32.
Rf1 Re2 33. Qf3 Bd4+ 34. Kh1 Qxf3+ 35. Rxf3 Rfe8 36. Rf1 Rb2 37. Re1 Rxe1+ 0-1

[Event "Early-Titled-Tuesday-Blitz-June-18-2024"]
[Site "Chess.com"]
[Date "2024.06.18"]
[Round "1"]
[White "Matols"]
[Black "mangochessgo"]
[Result "0-1"]
[WhiteElo "2357"]
[BlackElo "2665"]
[TimeControl "180+1"]
[EndTime "8:07:03 PDT"]
[Termination "mangochessgo won by resignation"]

1. d4 Nf6 2. c4 b6 3. Nc3 Bb7 4. Nf3 g6 5. g3 Bg7 6. Bg2 O-O 7.
O-O Ne4 8. Qc2 Nxc3 9. Qxc3 c5 10. Be3 Nc6 11. Qd2 d6 12. Rac1 Rc8 13. d5 Ne5 14. Nxe5 Bxe5 15. Bh6 Re8 16. e4 e6 17. Rfe1 exd5 18. exd5 Qf6 19. b3 Bb2 20. Rxe8+ Rxe8 21. Re1 Re5 22. Bf4 Rxe1+ 23. Qxe1 g5 24. Qe8+ Kg7 25. Be3 Bd4 26. Bh3 h5 27. Bxd4 cxd4 28. Bf1 Qf3 29.
Qe7 Bc8 30. Qxg5+ Kh7 31. Qd2 Bf5 32. Qxd4 Be4 0-1

[Event "Early-Titled-Tuesday-Blitz-June-18-2024"]
[Site "Chess.com"]
[Date "2024.06.18"]
[Round "1"]
[White "Zhigalko_Sergei"]
[Black "FerAsensio2024"]
[Result "1-0"]
[WhiteElo "3005"]
[BlackElo "2535"]
[TimeControl "180+1"]
[EndTime "8:07:04 PDT"]
[Termination "Zhigalko_Sergei won on time"]

1. e4 c6 2. d4 d5 3. e5 c5 4. Nf3 Nc6 5. dxc5 Bg4 6. c3 e6 7.
Be3 Nge7 8. Bb5 Qc7 9. Nbd2 a6 10. Ba4 Nf5 11. Bd4 g6 12. O-O Bg7 13. h3 Bxf3 14. Nxf3 O-O 15. Re1 Rfc8 16. Qd2 Qa5 17. Bxc6 bxc6 18.
b4 Qa4 19. Qd1 Qxd1 20. Rexd1 a5 21. a3 Rcb8 22. g4 Ne7 23. Kg2 Rb7 24. Rab1 Rab8 25. Ne1 Nc8 26. Nd3 Na7 27. Ra1 Bf8 28. f4 Nb5 29.
Kf3 Nc7 30. Rg1 Ra8 31. Rab1 Rab8 32. h4 Be7 33. h5 Kg7 34. Rh1 Kg8 35. Rb2 Ne8 36.
Rbh2 Bd8 37. f5 g5 38. h6 f6 39. fxe6 fxe5 40. Nxe5 Re7 41. Nxc6 Rxe6 42. Nxb8 1-0

[Event "Early-Titled-Tuesday-Blitz-June-18-2024"]
[Site "Chess.com"]
[Date "2024.06.18"]
[Round "1"]
[White "PLAYER_2006_M"]
[Black "HajiyevKanan"]
[Result "1-0"]
[WhiteElo "2949"]
[BlackElo "2519"]
[TimeControl "180+1"]
[EndTime "8:07:04 PDT"]
[Termination "PLAYER_2006_M won by resignation"]

1. e4 c6 2. d4 d5 3. e5 a6 4. c3 Bf5 5. Ne2 e6 6. Ng3 Bg6 7. h4 h6 8. h5 Bh7 9. Nd2 c5 10. Nf3 Nc6 11. Bd3 Bxd3 12. Qxd3 cxd4 13. cxd4 Bb4+ 14. Bd2 Qa5 15. O-O Bxd2 16. Nxd2 Qb5 17.
Qc3 Qb4 18. Qxb4 Nxb4 19. Nb3 Ne7 20. Ne2 Rc8 21. Rfc1 Nc2 22. Rab1 b6 23. a3 Kd7 24.
Nc3 Rxc3 25. bxc3 Nxa3 26. Ra1 Nc4 27. Rxa6 Nc6 28. Rca1 Kc7 29. R6a2 Kb7 30. g3 Rc8 31. Rb1 Kc7 32. Kg2 N6a5 33. Nd2 Nxd2 34. Rxd2 Nc4 35. Ra2 Kb7 36. g4 Rc7 37. Rb3 Kc6 38. Ra8 Nd2 39. Rb2 Ne4 40. Rb8 Rb7 41. Rg8 f6 42. f3 Ng5 43. exf6 gxf6 44. Rg6 Rf7 45. Rxh6 Nh7 46. f4 b5 47. Ra2 Kb6 48. Kf3 b4 49. Rb2 Kb5 50.
Rxb4+ 1-0

[Event "Early-Titled-Tuesday-Blitz-June-18-2024"]
[Site "Chess.com"]
[Date "2024.06.18"]
[Round "1"]
[White "BashiqChess"]
[Black "Mops_2004"]
[Result "0-1"]
[WhiteElo "2462"]
[BlackElo "2812"]
[TimeControl "180+1"]
[EndTime "8:07:05 PDT"]
[Termination "Mops_2004 won by checkmate"]

1. Nf3 g6 2. d4 Bg7 3. c4 d6 4. Nc3 e5 5. dxe5 dxe5 6. Qxd8+ Kxd8 7. e4 Nc6 8. Be3 Be6 9. O-O-O+ Kc8 10. Nd5 Nf6 11.
Ng5 Ng4 12. Bc5 Bh6 13. h4 f6 14. f3 fxg5 15. fxg4 gxh4+ 16. Be3 Bxe3+ 17. Nxe3 g5 18. Nf5 Bxf5 19. exf5 Nd4 20. Bd3 Kd7 21. Rhe1 Rae8 22. Be4 c6 23. b4 h5 24. gxh5 Rxh5 25. f6 Rh6 26. f7 Rf8 27. Bf3 Ke6 28. Bg4+ Kf6 29.
Rf1+ Kg7 30. Rde1 Rf6 31. Rh1 Rf4 32. Bh5 e4 33. Rh3 Nf5 34. Rc3 Ng3 35. Bd1 R8xf7 36. c5 Rd7 37. Bc2 Kf6 38. Kb2 Ke5 39. Rce3 Rd4 40. Kc3 g4 41. Bb3 Nf5 42. R3e2 Rd3+ 43. Kb2 Nd4 44. Re3 Rxe3 45. Rxe3 Rf2+ 46. Kc3 Rxg2 47.
Bc4 h3 48. Bf1 Rc2# 0-1

[Event "Early-Titled-Tuesday-Blitz-June-18-2024"]
[Site "Chess.com"]
[Date "2024.06.18"]
[Round "1"]
[White "Aryan_Tamadon"]
[Black "AndresDelgado77"]
[Result "1/2-1/2"]
[WhiteElo "2675"]
[BlackElo "2375"]
[TimeControl "180+1"]
[EndTime "8:07:05 PDT"]
[Termination "Game drawn by repetition"]

1. b4 e6 2. Bb2 Nf6 3. a3 c5 4. b5 a6 5. e3 axb5 6. Bxb5 Be7 7. Nf3 O-O 8. O-O b6 9. a4 Bb7 10. d3 d6 11. Qe2 Nbd7 12. Na3 Nd5 13. Rfb1 Bf6 14. Bxf6 N7xf6 15. Qe1 Nc7 16. Nc4 Nxb5 17.
Rxb5 Ba6 18. Rb3 Bxc4 19. dxc4 Nd7 20. Qd2 Qf6 21. Rd1 Ne5 22. Nxe5 dxe5 23. Rxb6 Rxa4 24.
Qd6 Rxc4 25. Qxf8+ Kxf8 26. Rb8+ Ke7 27. Rb7+ Ke8 28.
Rb8+ Ke7 29. Rb7+ Ke8 30. Rb8+ Ke7 1/2-1/2

[Event "Early-Titled-Tuesday-Blitz-June-18-2024"]
[Site "Chess.com"]
[Date "2024.06.18"]
[Round "1"]
[White "SicilianPanzer"]
[Black "Moon_stone123"]
[Result "0-1"]
[WhiteElo "2272"]
[BlackElo "2622"]
[TimeControl "180+1"]
[EndTime "8:07:05 PDT"]
[Termination "Moon_stone123 won by resignation"]

1. d4 d5 2. c4 e6 3. Nf3 a6 4. cxd5 exd5 5. Nc3 c6 6. Bg5 Be7 7.
Bxe7 Qxe7 8. e3 Nf6 9. Bd3 O-O 10. h3 Re8 11. O-O Nbd7 12. Qc2 g6 13. Rab1 a5 14.
a3 Ne4 15. b4 axb4 16. axb4 Ra3 17. Bxe4 dxe4 18. Nd2 Nf6 19. b5 c5 20. Nb3 cxd4 21.
Nxd4 Bd7 22. Rfc1 Rc8 23. Qb2 Qd6 24. b6 Ra5 25. Ncb5 Rxc1+ 26. Rxc1 Qxb6 27. Rb1 Kg7 28. Qe2 Nd5 29. Rb2 Qf6 30. Kh2 h5 31. g3 h4 32. Qc4 hxg3+ 33. Kxg3 Qg5+ 34. Kh2 Qh4 35. Qxd5 Qxh3+ 0-1